 Dungeon Crawl Stone Soup version 0.13-a0-2318-gf5ad1f9 (webtiles) character file.

1292 Lekart the Ducker (level 8, -1/67 HPs)
             Began as a Green Draconian Chaos Knight on July 10, 2013.
             Was a Plaything of Xom.
             Slain by an ice beast (10 damage)
             ... on Level 7 of the Dungeon.
             The game lasted 00:21:09 (4232 turns).

Lekart the Ducker (Green Draconian Chaos Knight)    Turns: 4232, Time: 00:21:10

HP  -1/67        AC  7     Str 16      XL: 8   Next:  3%
MP   8/8         EV 15     Int 12      God: Xom
Gold 259         SH  0     Dex 12      Spells:  0 memorised,  7 levels left

Res.Fire  : . . .   See Invis. : .   a - +1,+0 hand axe (chaos) {=f}
Res.Cold  : . . .   Warding    : .   (armour unavailable)
Life Prot.: . . .   Conserve   : .   (no shield)
Res.Poison: +       Res.Corr.  : .   (helmet restricted)
Res.Elec. : .       Clarity    : .   (no cloak)
Sust.Abil.: . .     Spirit.Shd : .   e - +0 pair of gauntlets
Res.Mut.  : .       Stasis     : .   (no boots)
Res.Rott. : .       Flight     : .   (no amulet)
Saprovore : . . .                    (no ring)
                                     (no ring)

@: slowed, very slow, slightly resistant to hostile enchantments, unstealthy
A: breathe noxious fumes, unfitting armour, poison resistance, AC +6
a: Breathe Noxious Fumes, Renounce Religion


You were on level 7 of the Dungeon.
You worshipped Xom.
You were a plaything of Xom.
You were not hungry.

You visited 1 branch of the dungeon, and saw 7 of its levels.

You collected 323 gold pieces.
You spent 84 gold pieces at shops.

Inventory:

Hand weapons
 a - a +1,+0 hand axe of chaos (weapon) {=f}
Armour
 e - a +0 pair of gauntlets (worn)
Magical devices
 d - a wand of lightning (1)
 q - a wand of frost (7)
Comestibles
 c - 4 bread rations
 f - 3 meat rations
 j - a pear
 m - a beef jerky
Scrolls
 b - a scroll of amnesia {unknown}
 g - 3 scrolls of remove curse
 h - 2 scrolls of enchant armour
 i - 3 scrolls of magic mapping
 l - a scroll of immolation
 r - 3 scrolls of teleportation
 t - 5 scrolls of enchant weapon II
Potions
 k - a potion of curing


   Skills:
 + Level 6.8 Fighting
 - Level 3.0 Axes
 * Level 7.2 Dodging


You had 7 spell levels left.
You didn't know any spells.

Dungeon Overview and Level Annotations

Branches:
Dungeon (7/27)             Temple (0/1) D:6             Orc (0/4) D:6

Altars:
Fedhas
Kikubaaqudgha
Trog

Shops:
D:6: *


Innate Abilities, Weirdness & Mutations

You can breathe blasts of noxious fumes.
Your lurid green scales are hard (AC +6).
Your body does not fit into most forms of armour.
Your cold-blooded metabolism reacts poorly to cold.
Your system is resistant to poisons.


Message History

The ice beast is moderately wounded.
The ice beast barely misses you.
You barely miss the ice beast.
The ice beast is moderately wounded.
The ice beast hits you. The ice beast freezes you!
You feel yourself slow down.
* * * LOW HITPOINT WARNING * * *
You are too injured to fight recklessly!
You hit the ice beast but do no damage.
You tail-slap the ice beast, but do no damage.
The ice beast is moderately wounded.
The ice beast hits you.
* * * LOW HITPOINT WARNING * * *
The ice beast freezes you!
* * * LOW HITPOINT WARNING * * *
The ice beast hits you.
* * * LOW HITPOINT WARNING * * *
The ice beast freezes you!
You feel as though you will be slow longer.
You die...
Xom bursts into laughter!

..... ...#.##
#.<#./# .###..#..#
........# .......#
#.####..#..#
#.......#..#####...
#..I@ยง......#
#)##<...##....
#........##.........
........##.........
........##....###.#
...........##.#
.......##.# .#
.......... ..
.......?. .


You could see an ice beast.

Vanquished Creatures
  A hungry ghost (D:6)
  2 ogres
  A sky beast (D:5)
  2 phantoms (D:6)
  3 crimson imps
  A centaur skeleton (D:4)
  3 hounds
  An iguana (D:4)
  3 worker ants
  6 adders
  An orc priest (D:4)
  An iguana skeleton (D:5)
  A giant eyeball (D:6)
  3 giant geckos
  2 oozes
  8 orcs
  5 giant cockroaches
  4 hobgoblins
  7 jackals (D:1)
  A quokka (D:6)
  A ball python (D:6)
  5 bats
  3 giant newts
  A gnoll skeleton (D:4)
  10 goblins
  13 kobolds
  An orc skeleton (D:4)
  9 rats
99 creatures vanquished.

Vanquished Creatures (collateral kills)
  A quokka (D:4)
  A plant (D:4)
2 creatures vanquished.

Vanquished Creatures (others)
  An adder (D:5)
  A hobgoblin zombie (D:4)
2 creatures vanquished.

Grand Total: 103 creatures vanquished

Notes
Turn   | Place    | Note
--------------------------------------------------------------
     0 | D:1      | Lekart, the Draconian Chaos Knight, began the quest for the Orb.
     0 | D:1      | Reached XP level 1. HP: 17/17 MP: 1/1
   123 | D:1      | Reached XP level 2. HP: 19/24 MP: 2/2
   147 | D:1      | XOM: harmless Fire miscast
   459 | D:1      | Reached XP level 3. HP: 11/30 MP: 3/3
   521 | D:1      | XOM: divination: detect creatures
   754 | D:2      | XOM: divination: magic mapping
  1178 | D:2      | Reached skill level 4 in Fighting
  1373 | D:3      | Reached XP level 4. HP: 31/38 MP: 4/4
  1445 | D:3      | XOM: confuse monster(s)
  1621 | D:4      | XOM: polymorph worker ant -> hound
  1713 | D:4      | XOM: enchant monster (bad)
  1713 | D:4      | Reached XP level 5. HP: 20/44 MP: 5/5
  1821 | D:4      | Found an ancient bone altar of Kikubaaqudgha.
  2233 | D:5      | Entered Level 5 of the Dungeon
  2258 | D:5      | Reached skill level 5 in Fighting
  2475 | D:5      | XOM: medium Ice miscast
  2534 | D:5      | Reached skill level 5 in Dodging
  2534 | D:5      | Reached XP level 6. HP: 46/51 MP: 6/6
  2558 | D:5      | XOM: swap monsters
  2640 | D:5      | Found a blossoming altar of Fedhas.
  2696 | D:5      | Found a bloodstained altar of Trog.
  2729 | D:5      | Noticed a sky beast
  2734 | D:5      | XOM: confusion
  2759 | D:5      | XOM: harmless Divn miscast
  2779 | D:5      | Killed a sky beast
  2785 | D:5      | XOM: 3-stop teleportation journey
  3131 | D:5      | XOM: severe Conj miscast
  3146 | D:5      | XOM: divination: detect creatures
  3216 | D:5      | XOM: silly message
  3298 | D:6      | Noticed a hungry ghost
  3325 | D:6      | XOM: potion effect (brilliance)
  3345 | D:6      | Killed a hungry ghost
  3345 | D:6      | Your scales start taking on a lurid green colour.
  3345 | D:6      | Gained mutation: Your system is resistant to poisons. [draconian maturity]
  3345 | D:6      | Reached XP level 7. HP: 47/59 MP: 7/7
  3348 | D:6      | Paralysed by a giant eyeball for 3 turns
  3354 | D:6      | Paralysed by a giant eyeball for 3 turns
  3403 | D:6      | Found Sifuf's Assorted Antiques.
  3409 | D:6      | Bought a scroll labeled VOIWORILIF for 21 gold pieces
  3409 | D:6      | Bought a scroll of identify for 42 gold pieces
  3409 | D:6      | Bought a scroll labeled HYANYU MARUNAGH for 21 gold pieces
  3428 | D:6      | Reached skill level 6 in Dodging
  3540 | D:6      | XOM: divination: magic mapping
  3570 | D:6      | Found a bloodstained altar of Trog.
  3592 | D:6      | XOM: harmless Trmt miscast
  3660 | D:6      | Found a staircase to the Ecumenical Temple.
  3680 | D:6      | XOM: harmless Tloc miscast
  3692 | D:6      | Found a staircase to the Orcish Mines.
  3912 | D:6      | XOM: confusion (+ monsters)
  3963 | D:6      | Reached skill level 7 in Dodging
  4190 | D:6      | XOM: colour smoke trail
  4202 | D:7      | XOM: silly message
  4205 | D:7      | XOM: enchant monster (bad)
  4209 | D:7      | Reached XP level 8. HP: 28/67 MP: 8/8
  4232 | D:7      | Slain by an ice beast

Action                   |  1- 3 |  4- 6 |  7- 9 || total
-------------------------+-------+-------+-------++-------
Melee: Hand axe          |   145 |   165 |   131 ||   441
Evoke: Wand              |       |     3 |     8 ||    11
  Use: Scroll            |       |    11 |     2 ||    13
       Potion            |       |     9 |     1 ||    10
 Stab: Paralysed         |     3 |    14 |       ||    17
       Sleeping          |     1 |       |       ||     1
       Confused          |       |     1 |     1 ||     2
       Petrified         |       |       |     1 ||     1
